 Dungeon Crawl Stone Soup version 0.21-a0-440-g28109cb (webtiles) character file.

88736 theanonym the Brawler (level 15, -8/122 (123) HPs)
             Began as a Ghoul Monk on Nov 10, 2017.
             Was the Champion of Hepliaklqana.
             Mangled by a golden dragon simulacrum (41 damage)
             ... in an ice cave.
             The game lasted 01:25:33 (21295 turns).

theanonym the Brawler (Ghoul Monk)                 Turns: 21295, Time: 01:25:34

HP:   -8/122 (123)  AC: 29    Str: 29    XL:     15   Next: 95%
MP:   0/8           EV:  9    Int:  8    God:    Hepliaklqana [******]
Gold: 736           SH: 12    Dex: 11    Spells: 12/14 levels left

rFire    . . .     SeeInvis +     - Unarmed
rCold    . . .     Gourm    .   x - +0 shield
rNeg     + + +     Faith    .   Q - +5 plate armour of Gunas {rPois rC- MP-9 SInv}
rPois    ∞         Spirit   +   M - +2 helmet
rElec    .         Reflect  .   o - +2 cloak {+Inv}
rCorr    .         Harm     .   (no gloves)
MR       ++...                  K - +1 pair of boots
Stlth    ..........             e - amulet of guardian spirit {Spirit}
HPRegen  0.00/turn              i - +5 ring of strength
MPRegen  0.11/turn              O - ring of Xom's Whim {MR+ Str+2 Int+3 SInv}

@: rotting
A: rotting body, reduced essence, claws 1, carnivore 3, cold resistance 1,
negative energy resistance 3, inhibited regeneration, torment resistance,
unbreathing
a: Recall Ancestor, Ancestor Identity, Transference, Idealise, Renounce
Religion, Evoke Invisibility


Innate Abilities, Weirdness & Mutations

Your body is rotting away.
You thrive on raw meat.
You are immune to poison.
You have sharp fingernails.
You are carnivorous and can eat meat at any time.
Your flesh is cold resistant. (rC+)
You are immune to negative energy. (rN+++)
You do not regenerate when monsters are visible.
You are immune to unholy pain and torment.
You can survive without breathing.
Your life essence is reduced to manifest your ancestor. (-10% HP)


   Skills:
 + Level 13.6 Fighting
 + Level 11.1 Armour
 - Level 4.5 Dodging
 - Level 2.1 Stealth
 + Level 9.8 Shields
 + Level 19.1 Unarmed Combat
 - Level 4.0 Invocations


You had 12 spell levels left.
You knew the following spells:

 Your Spells              Type           Power        Failure   Level  Hunger
s - Swiftness             Chrm/Air       #.......     100%        2    ###....

Skill      XL: |  1  2  3  4  5  6  7  8  9 10 11 12 13 14 15 |
---------------+----------------------------------------------+-----
Unarmed Combat | 4 5 7 8 10 12 14 15 16 17 18 19 | 19.1
Fighting       | 4 6 8 9 11 12 13 | 13.6
Dodging        | 4 |  4.5
Armour         | 3 5 7 8 10 11 | 11.1
Invocations    | 3 4 |  4.0
Shields        | 4 6 8 9 |  9.8
Stealth        | |  2.1

Action                   |  1- 3 |  4- 6 |  7- 9 | 10-12 | 13-15 || total
-------------------------+-------+-------+-------+-------+-------++-------
Melee: Unarmed           |    89 |   109 |   282 |   642 |  1330 ||  2452
       Punch             |       |     1 |     6 |    17 |       ||    24
Invok: Ancestor Identity |     2 |       |       |       |       ||     2
       Ancestor Life: He |     1 |       |       |       |       ||     1
       Recall Ancestor   |       |       |     1 |     1 |     5 ||     7
       Transference      |       |       |       |       |     9 ||     9
Evoke: Wand              |       |       |       |     5 |     5 ||    10
  Use: Scroll            |     1 |       |     6 |    10 |     9 ||    26
       Potion            |       |     2 |     6 |     2 |     2 ||    12
 Stab: Sleeping          |     6 |     1 |       |       |       ||     7
       Confused          |       |     1 |     2 |     9 |     4 ||    16
       Distracted        |       |     1 |     1 |     6 |    13 ||    21
       Paralysed         |       |       |       |       |    10 ||    10
  Eat: Chunk             |     5 |     8 |    24 |   112 |   146 ||   295
       Meat ration       |       |       |     1 |       |       ||     1
Armor: Robe              |    27 |     9 |       |       |       ||    36
       Chain mail        |       |     8 |   117 |    80 |   252 ||   457
       Plate armour      |       |       |       |   172 |   238 ||   410
Dodge: Dodged            |    67 |    53 |    97 |   167 |   334 ||   718
Block: Shield            |       |       |       |    99 |   725 ||   824
       Reflection        |       |       |       |       |     6 ||     6

Inventory:

Hand Weapons
 b - a +0 blowgun
   (You found it on level 1 of the Swamp)
 S - a +0 blowgun
   (You found it on level 2 of the Swamp)
Missiles
 N - 5 silver javelins (quivered)
Armour
 o - a +2 cloak of invisibility (worn)
   (You took it off Maurice on level 12 of the Dungeon)
 x - a +0 shield (worn)
   (You found it on level 1 of the Lair of Beasts)
 K - a +1 pair of boots (worn)
   (You found it on level 4 of the Lair of Beasts)
 M - a +2 helmet (worn)
   (You found it on level 1 of the Swamp)
 Q - the +5 plate armour of Gunas (worn) {rPois rC- MP-9 SInv}
   (You bought it in a shop on level 2 of the Orcish Mines)

   It makes you vulnerable to cold.
   It protects you from poison.
   It affects your magic capacity (-9).
   It lets you see invisible.
Jewellery
 e - an amulet of guardian spirit (around neck) {Spirit}
   (You found it on level 7 of the Dungeon)
 g - an uncursed ring of fire {rF+, rC-}
   (You found it on level 3 of the Dungeon)
 i - a +5 ring of strength (left claw)
   (You found it on level 1 of the Swamp)
 z - a +3 amulet of reflection
   (You found it on level 4 of the Lair of Beasts)
 O - the ring of Xom's Whim (right claw) {MR+ Str+2 Int+3 SInv}
   (You found it on level 6 of the Lair of Beasts)

   [ring of see invisible]

   It affects your strength (+2).
   It affects your intelligence (+3).
   It affects your resistance to hostile enchantments.
   It lets you see invisible.
Wands
 B - a wand of acid (2/15)
   (You found it on level 10 of the Dungeon)
 F - a wand of iceblast (2/15)
   (You found it on level 1 of the Lair of Beasts)
Scrolls
 d - 5 scrolls of remove curse
 f - 2 scrolls of magic mapping {!r}
 l - a scroll of brand weapon {unknown}
 m - 9 scrolls of immolation
 n - 3 scrolls of fear {unknown}
 t - 11 scrolls of teleportation {!r}
 u - a scroll of recharging
 v - 2 scrolls of enchant armour
 w - 2 scrolls of vulnerability {unknown}
 A - a scroll of blinking
 C - a scroll of silence {unknown}
 H - 2 scrolls of random uselessness {unknown}
Potions
 a - 2 potions of might
 c - 2 potions of flight
 h - a potion of heal wounds {unknown}
 p - 6 potions of degeneration
 q - 6 potions of curing
 D - 4 potions of magic
 E - 3 potions of brilliance
 I - 3 potions of agility
 J - 2 potions of resistance
 L - 2 potions of haste
 P - a potion of invisibility
Books
 y - a book of Ice
   (You found it on level 2 of the Swamp)

   Spells                             Type                      Level
   a - Ice Form                       Ice/Transmutation            4
   b - Metabolic Englaciation         Hexes/Ice                    5
   c - Ozocubu's Refrigeration        Ice                          6
   d - Bolt of Cold                   Conjuration/Ice              6
   e - Freezing Cloud                 Conjuration/Ice/Air          6
   f - Simulacrum                     Ice/Necromancy               6
Miscellaneous
 G - a phial of floods
   (You found it on level 13 of the Dungeon)
 R - a fan of gales
   (You found it on level 13 of the Dungeon)
Comestibles
 j - 10 meat rations
 k - 26 royal jellies

Dungeon Overview and Level Annotations

Branches:
Dungeon (14/15)            Temple (0/1) D:7            Lair (6/6) D:11
  Swamp (3/4) Lair:3        Snake (0/4) Lair:4        Slime (0/5) Lair:5
    Orc (2/2) D:12            Elf (0/3) Orc:2        Vaults (0/5) D:14

Altars:
Ashenzari
Cheibriados
Dithmenos
Hepliaklqana
Okawaru
Sif Muna
Trog
Wu Jian
Zin
The Shining One
Jiyva

Shops:
D:11 *=:*   Orc:2 [*(*

Portals:
Bazaar: D:11

Annotations:
D:13 exclusion: hexer
Lair:2 exclusion: 2 oklob plants
Lair:3 exclusion: oklob plant IceCv exclusion: ice statue You were in an ice cave. You worshipped Hepliaklqana. Hepliaklqana was exalted by your worship. You were not hungry. You visited 4 branches of the dungeon, and saw 25 of its levels. You also visited: Ice Cave. You collected 2068 gold pieces. You spent 1332 gold pieces at shops.


Message History

You mangle the harpy simulacrum!!
The harpy simulacrum vapourises!
Piston hits the ice beast with a dagger of draining.
Piston drains the ice beast!
You claw the ice beast!
The ice beast closely misses Piston.
You eviscerate the ice beast!!!
You kill the ice beast!
Piston gestures at the ice beast while chanting.
The ice beast resists with significant effort.
Your plate armour of Gunas prevents you from hitting the ice beast.
The ice beast hits you but does no damage.
You scratch the ice beast.
Piston hits the ice beast but does no damage.
The ice beast hits Piston.
The ice beast freezes Piston.
Piston resists.
You claw the ice beast!
Piston gestures at the ice beast while chanting.
The ice beast suddenly stops moving!
The helpless ice beast fails to defend itself.
You eviscerate the ice beast!!!!
You kill the ice beast!
Piston hits the ice beast with a dagger of draining.
Piston drains the ice beast!
You scratch the ice beast. You block the ice beast's attack.
You closely miss the ice beast.
Piston hits the ice beast with a dagger of draining.
Piston drains the ice beast!
You claw the ice beast!
You kill the ice beast!
No target in view!
No target in view!
You mangle the ettin simulacrum!!
You block the ettin simulacrum's attack.
The ettin simulacrum hits you! The ettin simulacrum freezes you!!
You take 38 damage, and have 72/122 hp.
MASSIVE DAMAGE!!
You now have 5/8 mp.
You are too injured to fight recklessly!
You are too injured to fight recklessly!
You claw the ettin simulacrum!
Piston hits the ettin simulacrum with a dagger of draining.
The ettin simulacrum vapourises!
Okay, then.
You start resting.
You regained 8 hp, and now have 80/122 hp.
MP restored: 8 You start resting.
Health restored: 122
k - 26 royal jellies (gained 1)
You now have 724 gold pieces (gained 11).
You now have 736 gold pieces (gained 12).
You see here 20 stones.
An eight-headed hydra simulacrum comes into view.
The eight-headed hydra simulacrum moves out of view.
An ice statue comes into view.
Aim: an eight-headed hydra simulacrum The bolt of acid hits the eight-headed hydra simulacrum.
The eight-headed hydra simulacrum is splashed with acid.
The acid corrodes the eight-headed hydra simulacrum!
This wand has 3 charges left.
You hear a horrible gurgling sound!
Piston casts a spell at the eight-headed hydra simulacrum.
The eight-headed hydra simulacrum resists with significant effort.
Piston casts a spell at the eight-headed hydra simulacrum.
The eight-headed hydra simulacrum appears confused.
Piston hits the eight-headed hydra simulacrum with a dagger of draining!
The eight-headed hydra simulacrum bites Piston.
The eight-headed hydra simulacrum freezes Piston!
Piston resists.
The eight-headed hydra simulacrum bites Piston.
The eight-headed hydra simulacrum freezes Piston!
Piston resists.
The eight-headed hydra simulacrum bites Piston.
The eight-headed hydra simulacrum freezes Piston!
Piston resists.
The eight-headed hydra simulacrum bites Piston!
The eight-headed hydra simulacrum freezes Piston!
Piston resists.
Piston is destroyed!
Aim: an eight-headed hydra simulacrum (almost destroyed, confused, covered in acid, hasn't noticed you)
The bolt of acid hits the eight-headed hydra simulacrum.
The eight-headed hydra simulacrum is splashed with acid.
The eight-headed hydra simulacrum vapourises!
This wand has 2 charges left.
A golden dragon simulacrum comes into view.
You start waiting.
You scratch the golden dragon simulacrum.
You scratch the golden dragon simulacrum but do no damage.
The golden dragon simulacrum closely misses you.
The golden dragon simulacrum claws you but does no damage.
You block the golden dragon simulacrum's attack.
You completely miss the golden dragon simulacrum.
The golden dragon simulacrum bites you!
The golden dragon simulacrum freezes you!!!
The golden dragon simulacrum claws you.
The golden dragon simulacrum freezes you!!!
* * * LOW MAGIC WARNING * * *;
* * * LOW HITPOINT WARNING * * *
The golden dragon simulacrum tramples you.
* * * LOW HITPOINT WARNING * * *
The golden dragon simulacrum freezes you!!!
* * * LOW MAGIC WARNING * * *
You die...

####### #######
#.....## ##.....#
#......###.....(#
#.......#.......#
#......@#......§#
#.∩..∩..Z...........
#.......#.......#.Z..
#.......#.......#.....
#......###.....?# ....
#.....## ##..?)!# ...8
####### ####### ###


You could see a golden dragon simulacrum.

Notes
Turn   | Place    | Note
-------+----------+-------------------------------------------
     0 | D:1      | theanonym the Ghoul Monk began the quest for the Orb.
     0 | D:1      | Reached XP level 1. HP: 19/19 MP: 0/0
    81 | D:1      | Reached XP level 2. HP: 23/26 MP: 1/1
    92 | D:1      | Reached skill level 4 in Unarmed Combat
   398 | D:1      | Reached XP level 3. HP: 29/31 MP: 2/2
   615 | D:2      | Found a hazy altar of Hepliaklqana.
   719 | D:2      | Became a worshipper of Hepliaklqana the Forgotten
   719 | D:2      | Reached * piety under Hepliaklqana
   719 | D:2      | Reached ** piety under Hepliaklqana
   720 | D:2      | Remembered your ancestor Piston as a hexer
   790 | D:2      | Reached skill level 5 in Unarmed Combat
   967 | D:2      | Noticed Sigmund
   974 | D:2      | Reached XP level 4. HP: 30/34 MP: 3/3
   985 | D:2      | HP: 16/34 [Sigmund/puff of flame (8)]
   991 | D:2      | Killed Sigmund
   991 | D:2      | Reached skill level 7 in Unarmed Combat
   991 | D:2      | Reached XP level 5. HP: 31/40 MP: 4/4
   993 | D:2      | Reached XP level 6. HP: 35/45 MP: 5/5
  1013 | D:2      | Noticed Terence
  1024 | D:2      | Killed Terence
  1170 | D:3      | Found a snail-covered altar of Cheibriados.
  1868 | D:3      | Reached skill level 8 in Unarmed Combat
  2087 | D:4      | Reached XP level 7. HP: 46/51 MP: 6/6
  2237 | D:4      | Reached skill level 9 in Unarmed Combat
  2238 | D:4      | Reached *** piety under Hepliaklqana
  2519 | D:4      | Found a glowing golden altar of the Shining One.
  2600 | D:4      | Found a glowing silver altar of Zin.
  2821 | D:5      | Entered Level 5 of the Dungeon
  2821 | D:5      | Noticed arkorax's ghost (novice NaGl)
  2831 | D:5      | HP: 24/50 [arkorax's ghost (10)]
  2836 | D:5      | HP: 5/50 [arkorax's ghost (8)]
  2837 | D:5      | Killed arkorax's ghost
  2837 | D:5      | Reached skill level 10 in Unarmed Combat
  2837 | D:5      | Reached XP level 8. HP: 5/55 MP: 7/7
  3424 | D:5      | Reached skill level 11 in Unarmed Combat
  3847 | D:6      | Noticed Prince Ribbit
  3854 | D:6      | Killed Prince Ribbit
  3976 | D:6      | You fall through a shaft for 3 floors!
  3989 | D:9      | Reached skill level 12 in Unarmed Combat
  4061 | D:7      | Reached XP level 9. HP: 63/63 MP: 8/8
  4086 | D:7      | Noticed Menkaure
  4089 | D:7      | Noticed Pikel
  4092 | D:7      | Killed Menkaure
  4109 | D:7      | Killed Pikel
  4109 | D:7      | Reached skill level 13 in Unarmed Combat
  4388 | D:6      | Reached **** piety under Hepliaklqana
  4651 | D:6      | Noticed Dowan
  4652 | D:6      | Noticed Duvessa
  4665 | D:6      | Killed Dowan
  4666 | D:6      | HP: 30/63 [Duvessa/short sword of flaming (9)]
  4673 | D:6      | HP: 15/63 [Duvessa/short sword of flaming (3)]
  4673 | D:6      | HP: 7/63 [Duvessa/short sword of flaming (1)]
  4674 | D:6      | Noticed Eustachio
  4878 | D:6      | Reached skill level 4 in Fighting
  4892 | D:6      | Killed Eustachio
  4892 | D:6      | Reached skill level 14 in Unarmed Combat
  4911 | D:6      | Killed Duvessa
  4931 | D:6      | Found an ornate altar of the Wu Jian Council.
  5130 | D:7      | Found a shattered altar of Ashenzari.
  5133 | D:7      | Found a bloodstained altar of Trog.
  5247 | D:7      | Found a staircase to the Ecumenical Temple.
  5250 | D:7      | Reached XP level 10. HP: 71/72 MP: 9/9
  5540 | D:8      | Reached skill level 3 in Dodging
  5650 | D:8      | Reached skill level 1 in Armour
  5666 | D:8      | Found a shadowy altar of Dithmenos.
  5733 | D:8      | Reached skill level 5 in Fighting
  5916 | D:8      | Reached skill level 1 in Invocations
  6300 | D:9      | Reached skill level 2 in Armour
  6383 | D:9      | HP: 36/72 [troll (2)]
  6386 | D:9      | DEFE: о
  6386 | D:9      | DEFE: Хепли
  6389 | D:9      | Reached skill level 2 in Invocations
  6522 | D:9      | Found an iron altar of Okawaru.
  6557 | D:9      | Reached ***** piety under Hepliaklqana
  6633 | D:9      | theanonym: Ага
  6633 | D:9      | theanonym: На д2 была
  6660 | D:9      | Found a deep blue altar of Sif Muna.
  6821 | D:9      | Reached skill level 4 in Dodging
  6900 | D:8      | DEFE: ??hepli
  6900 | D:9      | beem: hepli ~ hepl ~ hepliaklqana[1/4]: God of ancestral memory. Grants a powerful, customizable permanent ancestor, which will be automatically revived if slain (after a few dozen turns). Likes exploration. 0*: ally & recall, 2*: {Remember Life}, 3*: {Transference}, 4*: {Idealise}, 5*: Transference-drain
  7081 | D:9      | DEFE: Бери хексера
  7081 | D:9      | DEFE: он самый крутой
  7081 | D:9      | theanonym: Да взял уже
  7081 | D:9      | DEFE: а это он и есть
  7081 | D:9      | theanonym: Вообще мага хотел
  7081 | D:9      | theanonym: Я же монком начал, там сразу всё было уже
  7081 | D:9      | DEFE: а зачем
  7081 | D:9      | DEFE: ты же милишник
  7081 | D:9      | DEFE: тебе хексер идеально
  7081 | D:9      | theanonym: Чтобы я в мили бил а он издалека
  7081 | D:9      | DEFE: лол
  7081 | D:9      | DEFE: не
  7081 | D:9      | DEFE: он тупить будет
  7081 | D:9      | DEFE: а ты ему мешать еще будешь
  7081 | D:9      | DEFE: своей тушкой
  7081 | D:9      | DEFE: у хексера масс конфух
  7081 | D:9      | DEFE: и атнимеджик кб
  7082 | D:10     | Entered Level 10 of the Dungeon
  7083 | D:10     | DEFE: а массконфузу не нужно бим-атаки что бы сработать
  7085 | D:10     | DEFE: он на все в лос работает
  7089 | D:10     | DEFE: я правда не знаю остался ли масс конфуз
  7092 | D:10     | DEFE: у хексера
  7096 | D:10     | DEFE: его же убрали из игры, лол
  7097 | D:10     | Reached skill level 3 in Invocations
  7099 | D:10     | theanonym: Ну бот знает
  7099 | D:10     | theanonym: ??hepl[2
  7099 | D:10     | beem: hepliaklqana[2/4]: https://crawl.develz.org/wiki/doku.php?id=dcss:brainstorm:god:propose:ally_god
  7099 | D:10     | theanonym: ??hepl[3
  7099 | D:10     | beem: hepliaklqana[3/4]: new plan: don't let Grunt name any more gods ftr it's "hep lee ack ull can ah" I look forward to people being confused about it
  7112 | D:10     | Reached skill level 6 in Fighting
  7112 | D:10     | Reached skill level 3 in Armour
  7112 | D:10     | Reached skill level 15 in Unarmed Combat
  7173 | D:10     | HP: 34/74 [troll (7)]
  7174 | D:10     | HP: 15/74 [troll (6)]
  7313 | D:10     | Reached XP level 11. HP: 72/80 MP: 12/12
  7316 | D:10     | DEFE: плейт выпал?
  7394 | D:10     | DEFE: надо армор
  7397 | D:10     | Noticed a green ugly thing
  7397 | D:10     | DEFE: 12 это очень мало
  7397 | D:10     | theanonym: Да в плейте
  7397 | D:10     | DEFE: хм
  7397 | D:10     | theanonym: Плейт ещё додж убил
  7397 | D:10     | DEFE: ну норм
  7397 | D:10     | DEFE: да додж пока не нужен
  7398 | D:10     | DEFE: на высоких уровнях гули очень много восстанавливают хп от мяса кстати
  7445 | D:10     | Killed a green ugly thing
  7446 | D:10     | theanonym: Надо наверно инвок до бафа прокачать
  7446 | D:10     | theanonym: А то никакого сейва нет от бога
  7446 | D:10     | DEFE: да не спеши
  7491 | D:10     | Reached skill level 4 in Invocations
  7679 | D:10     | HP: 40/80 [yak (10)]
  7686 | D:10     | Reached skill level 4 in Armour
  7885 | D:10     | Reached skill level 7 in Fighting
  7915 | D:10     | Noticed a three-headed hydra
  7921 | D:10     | Killed a three-headed hydra
  7989 | D:10     | DEFE: как нет сейва
  8019 | D:11     | DEFE: собственно покемон и есть сейв
  8060 | D:11     | Found a staircase to the Lair.
  8137 | D:11     | Found Xohiybrim's Assorted Antiques.
  8142 | D:11     | Bought a potion of agility for 112 gold pieces
  8146 | D:11     | Noticed a green ugly thing
  8164 | D:11     | Killed a green ugly thing
  8164 | D:11     | Reached skill level 16 in Unarmed Combat
  8170 | D:11     | Found Paxaasic's Book Shoppe.
  8180 | D:11     | Noticed a two-headed ogre
  8186 | D:11     | Killed a two-headed ogre
  8186 | D:11     | Reached skill level 5 in Armour
  8217 | D:11     | Found a gateway to a bazaar.
  8224 | D:11     | DEFE: базар
  8229 | D:11     | DEFE: постой
  8232 | D:11     | DEFE: это постоянный
  8232 | D:11     | theanonym: Опять не заметил его
  8232 | D:11     | DEFE: походу
  8232 | D:11     | DEFE: если нет сообщений про колокольчик
  8232 | D:11     | DEFE: потом зайди
  8232 | D:11     | DEFE: как деньги будут
  8232 | D:11     | theanonym: Копить голд?
  8275 | D:11     | Found Mephit's Jewellery Boutique.
  8280 | D:11     | Noticed an unseen horror
  8284 | D:11     | Killed an unseen horror
  8300 | D:11     | Found Cepoisu's Assorted Antiques.
  8305 | D:11     | DEFE: купи свиток
  8314 | D:11     | Bought a scroll labeled PAV ZEUDECUNATHO for 31 gold pieces
  8314 | D:11     | DEFE: и пойла
  8315 | D:11     | theanonym: Голда и так нет же
  8315 | D:11     | DEFE: они когда неизвестные гораздо дешевле стоят
  8315 | D:11     | theanonym: А
  8315 | D:11     | Bought a smoky yellow potion for 27 gold pieces
  8315 | D:11     | Bought a puce potion for 27 gold pieces
  8315 | D:11     | Bought a lumpy purple potion for 27 gold pieces
  8343 | D:11     | Found a deep blue altar of Sif Muna.
  8371 | D:11     | Reached skill level 8 in Fighting
  8377 | D:11     | Reached XP level 12. HP: 79/90 MP: 12/14
  8640 | D:11     | theanonym: Вообще странно сделали что предок от инвока не зависит
  8690 | Lair:1   | Entered Level 1 of the Lair of Beasts
  8900 | Lair:1   | DEFE: ну там бафф довольно крутой
  8900 | Lair:1   | DEFE: длительность зависит от инво
  8963 | Lair:1   | DEFE: идеалайз который
  8979 | Lair:1   | Reached skill level 1 in Shields
  8983 | Lair:1   | DEFE: ты че
  8983 | Lair:1   | HP: 43/92 [black mamba (8)]
  8984 | Lair:1   | p0werm0de: helloz
  8984 | Lair:1   | DEFE: вот же сверху
  8984 | Lair:1   | DEFE: нора
  8984 | Lair:1   | DEFE: в ней бы дрался
  8984 | Lair:1   | DEFE: а так тебя трое кусают
  8984 | Lair:1   | DEFE: hi pm
  8984 | Lair:1   | theanonym: Без кобры убил бы
  8984 | Lair:1   | DEFE: не
  8984 | Lair:1   | DEFE: с 14 ац
  8984 | Lair:1   | DEFE: против пчел
  8984 | Lair:1   | DEFE: лол
  8984 | Lair:1   | DEFE: ну теперь блинк
  8984 | Lair:1   | DEFE: придется тратить
  9066 | Lair:1   | HP: 44/92 [killer bee (3)]
  9087 | Lair:1   | HP: 43/92 [killer bee (4)]
  9165 | Lair:1   | Got a faintly humming chain mail
  9200 | Lair:1   | You fall through a shaft!
  9234 | Lair:2   | Reached skill level 6 in Armour
  9243 | Lair:2   | Reached skill level 2 in Shields
  9314 | Lair:2   | Identified the cursed +1 chain mail "Giuzosuts" {Str+4} (You found it on level 1 of the Lair of Beasts)
  9448 | Lair:2   | Reached skill level 9 in Fighting
  9955 | Lair:2   | Reached skill level 3 in Shields
 10130 | Lair:2   | p0werm0de: wewe man
 10442 | Lair:2   | p0werm0de: irenicus the lucker
 10442 | Lair:2   | p0werm0de: +8 exec of speed on deep dwarf
 10474 | Lair:3   | DEFE: nice
 10599 | Lair:3   | Reached ****** piety under Hepliaklqana
 10751 | Lair:3   | Found a staircase to the Swamp.
 10772 | Lair:3   | HP: 34/94 [swamp worm (16)]
 10777 | Lair:3   | DEFE: lol
 10777 | Lair:3   | HP: 16/94 [swamp worm (5)]
 10828 | Lair:3   | Reached skill level 17 in Unarmed Combat
 11219 | Lair:4   | Reached skill level 7 in Armour
 11219 | Lair:4   | Reached skill level 4 in Shields
 11486 | Lair:4   | Noticed a seven-headed hydra
 11495 | Lair:4   | Killed a seven-headed hydra
 11641 | Lair:4   | Reached XP level 13. HP: 85/100 MP: 11/15
 11643 | Lair:4   | Noticed Kirke
 11658 | Lair:3   | HP: 44/100 [acid (9)]
 12165 | Lair:4   | You fall through a shaft for 2 floors!
 12165 | Lair:6   | Entered Level 6 of the Lair of Beasts
 12286 | Lair:6   | Reached skill level 10 in Fighting
 12331 | Lair:6   | HP: 43/101 [spiny frog (9)]
 12377 | Lair:6   | Reached skill level 5 in Shields
 12479 | Lair:6   | p0werm0de: tidbits!
 12491 | Lair:6   | p0werm0de: check over irenicus!!
 12548 | Lair:5   | Reached skill level 8 in Armour
 12610 | Lair:5   | Found a viscous altar of Jiyva.
 12610 | Lair:5   | Found a staircase to the Slime Pits.
 12850 | Lair:5   | Reached skill level 6 in Shields
 13365 | Lair:4   | Noticed Rupert
 13384 | Lair:5   | Reached skill level 11 in Fighting
 13449 | Lair:4   | theanonym: Реверс леир
 13601 | Lair:6   | Reached XP level 14. HP: 68/111 MP: 10/16
 13904 | Lair:6   | Reached skill level 9 in Armour
 13939 | Lair:6   | Got a twitching marble ring
 13952 | Lair:6   | Identified the ring of Xom's Whim {MR+ Str+2 Int+3 SInv} (You found it on level 6 of the Lair of Beasts)
 14038 | Lair:6   | Reached skill level 7 in Shields
 14047 | Lair:6   | Reached skill level 18 in Unarmed Combat
 14605 | Lair:4   | Learned a level 2 spell: Swiftness
 14693 | Lair:4   | Killed Kirke
 14983 | Lair:4   | Found a staircase to the Snake Pit.
 15013 | Lair:4   | Killed Rupert
 15015 | Lair:4   | theanonym: Охуеть
 15015 | Lair:4   | theanonym: Холи трипл сворд на леир 4
 15263 | D:12     | Noticed Maurice
 15281 | D:12     | Killed Maurice
 15327 | D:12     | Reached skill level 12 in Fighting
 15344 | D:12     | Noticed p0werm0de's ghost (journeyman GrCK)
 15352 | D:12     | Killed p0werm0de's ghost
 15750 | D:12     | Noticed Fannar
 15775 | D:12     | Killed Fannar
 15835 | D:12     | Found a staircase to the Orcish Mines.
 15976 | Orc:1    | Entered Level 1 of the Orcish Mines
 16010 | Orc:2    | Entered Level 2 of the Orcish Mines
 16010 | Orc:2    | Found a staircase to the Elven Halls.
 16036 | Orc:2    | HP: 48/113 [orc knight/halberd (12)]
 16112 | Orc:1    | Reached skill level 8 in Shields
 16128 | Orc:1    | HP: 43/113 [orc warrior/short sword (16)]
 16904 | Orc:2    | Reached skill level 10 in Armour
 17156 | Orc:1    | Reached XP level 15. HP: 106/120 MP: 15/17
 17174 | Orc:2    | HP: 59/120 [orc warrior/halberd (4)]
 17261 | Orc:2    | Found Xoqyz's Assorted Antiques.
 17261 | Orc:2    | Found Bumiuttioso's Antique Armour Shoppe.
 17291 | Orc:2    | Found Muozisa's Weapon Shop.
 17302 | Orc:2    | Found Koosig's General Store.
 17310 | Orc:2    | Bought a scroll of teleportation for 36 gold pieces
 17310 | Orc:2    | Bought a scroll of teleportation for 36 gold pieces
 17372 | Orc:2    | Bought a bloodstained plate armour for 1036 gold pieces
 17382 | Orc:2    | Identified the +5 plate armour of Gunas {rPois rC- MP-9 SInv} (You bought it in a shop on level 2 of the Orcish Mines)
 17825 | D:13     | Found a runed door.
 17891 | D:13     | HP: 60/120 [hell hound/blast of flame[Azrael] (16)]
 17912 | D:12     | HP: 58/120 [hell hound/blast of flame[Azrael] (2)]
 17937 | D:13     | Noticed Azrael
 17956 | D:13     | Killed Azrael
 18506 | D:13     | Reached skill level 13 in Fighting
 18513 | D:13     | Reached skill level 9 in Shields
 18514 | D:13     | HP: 56/121 [something (8)]
 18801 | D:13     | HP: 57/119 [fire crab] (3)]
 19292 | D:14     | Found a gate to the Vaults.
 19468 | Swamp:1  | Entered Level 1 of the Swamp
 20336 | Swamp:1  | Reached skill level 19 in Unarmed Combat
 20376 | Swamp:1  | HP: 54/121 [swamp worm[a spriggan druid] (14)]
 20383 | Swamp:1  | HP: 51/122 [spriggan/short sword (3)]
 20626 | Swamp:2  | Reached skill level 11 in Armour
 21048 | Swamp:3  | Found a frozen archway.
 21061 | IceCv    | Entered an ice cave
 21295 | IceCv    | HP: 35/122 [golden dragon simulacrum (37)]
 21295 | IceCv    | Mangled by a golden dragon simulacrum

Vanquished Creatures
  Kirke (Lair:4)
  An entropy weaver (D:13)
  Azrael (D:13)
  Fannar (D:12)
  The ghost of p0werm0de the Cleaver, a journeyman GrCK of Xom (D:12)
  A hydra (Lair:5)
  A centaur warrior (D:13)
  2 two-headed ogres
  5 alligators
  3 orc high priests (Orc:2)
  3 fire crabs (D:13)
  A spriggan druid (Swamp:1)
  An unseen horror (D:11)
  2 swamp dragons
  Pikel (D:7)
  7 orc knights
  5 orc sorcerers
  2 ugly things
  A cyclops (D:12)
  Maurice (D:12)
  A black mamba (Lair:1)
  The ghost of arkorax the Chopper, a novice NaGl (D:5)
  30 spiny frogs
  2 gargoyles (D:12)
  A rime drake (Lair:5)
  6 komodo dragons
  An efreet (D:13)
  A queen bee (Lair:1)
  A troll (shapeshifter) (D:14)
  8 trolls
  4 tyrant leeches
  A polar bear (Lair:5)
  A hornet (Swamp:1)
  3 bog bodies
  17 blink frogs
  9 hippogriffs
  A dream sheep (D:10)
  Prince Ribbit (D:6)
  4 slime creatures
  Sigmund (D:2)
  40 yaks
  7 shadows
  4 spriggans
  5 hogs
  2 wyverns (Lair:3)
  Eustachio (D:6)
  5 fire elementals
  A human (shapeshifter) (D:13)
  4 basilisks
  2 hungry ghosts
  5 insubstantial wisps (Swamp:1)
  Menkaure (D:7)
  21 vampire mosquitoes
  A harpy simulacrum (IceCv)
  A soldier ant (D:10)
  10 swamp worms
  10 wargs
  5 nagas (Lair:4)
  Duvessa (D:6)
  7 porcupines
  2 hell hounds (D:12)
  17 water moccasins
  A hydra simulacrum (IceCv)
  4 swamp drakes
  9 ice beasts
  3 sky beasts
  A slave (D:7)
  A black bear (D:10)
  21 orc warriors
  An eye of draining (D:13)
  2 phantoms
  6 ogres
  7 centaurs
  A necrophage (D:11)
  4 wolves (Orc:1)
  A hexer (IceCv)
  10 crocodiles
  3 big kobolds
  27 bullfrogs
  A water moccasin zombie (D:6)
  A wyvern skeleton (D:13)
  Dowan (D:6)
  5 scorpions
  27 killer bees
  3 wights (D:13)
  4 howler monkeys
  An electric eel (Lair:3)
  9 crimson imps
  A centaur zombie (D:11)
  A bullfrog zombie (D:6)
  2 centaur skeletons
  25 orc wizards
  A quasit (D:13)
  15 orc priests
  4 bullfrog skeletons
  3 hounds
  3 jellies
  4 iguanas
  9 worker ants
  A killer bee zombie (D:5)
  A hound skeleton (D:7)
  A howler monkey zombie (D:6)
  9 adders
  4 shadow imps
  2 adder skeletons
  2 worms
  A dart slug (D:2)
  3 leopard geckos
  65 orcs
  4 ball pythons
  5 bats
  5 giant cockroaches
  12 goblins
  12 hobgoblins
  14 jackals
  4 quokkas
  4 frilled lizards
  15 kobolds
  A leopard gecko skeleton (D:7)
  A quokka zombie (D:8)
  6 rats
681 creatures vanquished.

Vanquished Creatures (collateral kills)
  Rupert (Lair:4)
  3 hydras
  A centaur warrior (D:14)
  A swamp dragon (Swamp:2)
  3 spiny frogs
  2 komodo dragons
  A hornet (Swamp:1)
  2 trolls
  2 blink frogs
  2 tyrant leeches (Lair:6)
  A dream sheep (D:10)
  A slime creature (Swamp:1)
  A hippogriff (Lair:2)
  A bog body (Swamp:3)
  3 yaks
  A fire elemental (D:13)
  2 basilisks
  3 vampire mosquitoes
  4 swamp worms
  An insubstantial wisp (Swamp:1)
  2 ice beasts
  A phantom (D:10)
  An ettin simulacrum (IceCv)
  An ogre (Orc:2)
  A wolf (Orc:1)
  2 centaurs
  A big kobold (D:10)
  2 bullfrogs (Lair:4)
  3 killer bees (Lair:1)
  A hound (D:4)
  A quasit (D:7)
  3 orc priests
  Terence (D:2)
  An orc wizard (D:6)
  An adder (D:3)
  A dart slug (D:3)
  A leopard gecko (D:9)
  13 orcs
  A giant cockroach (D:4)
  A jackal (D:9)
  A quokka (D:8)
  A frilled lizard (D:2)
77 creatures vanquished.

Vanquished Creatures (others)
  21 hexers
  An adder (D:2)
  5 fungi
  42 plants
69 creatures vanquished.

Grand Total: 827 creatures vanquished
